 Seeded DCSS version 0.29.0-11-gd7f09526c8 (webtiles) character file.

Game seed: 3121381558354691732 (custom seed)

8984 purpskrrrp the Brawler (level 11, 0/98 HPs)
             Began as a Troll Fighter on Sept 7, 2022.
             Was a Priest of Ashenzari.
             Slain by a yak (12 damage)
             ... on level 10 of the Dungeon.
             The game lasted 00:14:27 (7388 turns).

purpskrrrp the Brawler (Troll Fighter)              Turns: 7388, Time: 00:14:30

Health: 0/98       AC:  4    Str: 40    XL:     11   Next: 17%
Magic:  10/10      EV:  9    Int:  0    God:    Ashenzari [***...]
Gold:   1897       SH:  8    Dex: 11    Spells: 10/10 levels left

rFire   x . .      SeeInvis +     - Unarmed
rCold   + . .      Faith    .   b - +1 kite shield of the Chained Pleiades {Self, Alch} (curse)
rNeg    . . .      Spirit   .   U - +2 robe "Seer of the Astral God" {Will- Str+4 Dex+2 Stlth+, Melee, Cun} (curse)
rPois   .          Reflect  .   h - +2 hat of Ashenzari's Oblivion {Stlth+, Melee, Elem} (curse)
rElec   .          Harm     .   (no cloak)
rCorr   .          Rampage  .   (gloves unavailable)
Will    .....      Clarity  +   (boots unavailable)
Stlth   +++....... Rnd*Tele +   (no amulet)
HPRegen 1.06/turn               f - ring of Supernal Understanding {Str+6, Melee, Elem} (curse)
MPRegen 0.12/turn               e - ring "Opacun" {Ice +Blink}

@: corroded, slowed, lost intelligence, unable to read, very slow
A: large, unfitting armour, claws 3, regeneration 1, shaggy fur 1, tough skin 1,
hooves 1, dopey 2, teleportitis 1
a: Renounce Religion, Evoke Blink, Shatter the Chains


You were on level 10 of the Dungeon.
You worshipped Ashenzari.
Ashenzari was most pleased with you.
You visited 2 branches of the dungeon, and saw 11 of its levels.
You also visited: Bailey.

You collected 1897 gold pieces.

Inventory:

Missiles
 g - 5 throwing nets (quivered)
Armour
 a - a +0 robe
 b - the cursed +1 kite shield of the Chained Pleiades (worn) {Self, Alch}

   It has a curse which improves the following skills: Introspection: Fighting
   and Spellcasting.
   Alchemy:   Poison Magic and Transmutations.
 h - the cursed +2 hat of Ashenzari's Oblivion (worn) {Stlth+, Melee, Elem}
   (You acquired it on level 1 of the Dungeon)

   It has a curse which improves the following skills: Melee Combat: Short
   Blades, Long Blades, Axes, Maces & Flails, Polearms, Staves and Unarmed
   Combat.
   Elements:  Fire Magic, Ice Magic, Air Magic and Earth Magic.
 L - +0 acid dragon scales
 U - the cursed +2 robe "Seer of the Astral God" (worn) {Will- Str+4 Dex+2 Stlth+, Melee, Cun}
   (You found it in a bailey)

   Str:       It affects your strength (+4).
   Dex:       It affects your dexterity (+2).
   Will:      It decreases your willpower.
   Stlth:     It makes you more stealthy.
   It has a curse which improves the following skills: Melee Combat: Short
   Blades, Long Blades, Axes, Maces & Flails, Polearms, Staves and Unarmed
   Combat.
   Cunning:   Dodging and Stealth.
Jewellery
 e - the ring "Opacun" (right claw) {Ice +Blink}
   (You acquired it on level 1 of the Dungeon)

   [ring of ice]

   It enhances your ice magic.
   rF:        It makes you vulnerable to fire.
   rC:        It protects you from cold.
   +Blink:    It lets you blink.
 f - the cursed ring of Supernal Understanding (left claw) {Str+6, Melee, Elem}
   (You found it on level 1 of the Dungeon)

   [ring of strength]

   Str:       It affects your strength (+6).
   It has a curse which improves the following skills: Melee Combat: Short
   Blades, Long Blades, Axes, Maces & Flails, Polearms, Staves and Unarmed
   Combat.
   Elements:  Fire Magic, Ice Magic, Air Magic and Earth Magic.
 y - an amulet of regeneration
 H - a ring of positive energy
 I - an amulet of reflection
 K - a ring of see invisible
 M - a ring of magical power
 N - an amulet of the acrobat
 O - a ring of ice
 Q - a ring of protection from cold
 S - a ring of resist corrosion
 T - the ring of Rytoofeo {Str+4 Int-5 SInv}
   (You found it on level 8 of the Dungeon)

   [ring of see invisible]

   Str:       It affects your strength (+4).
   Int:       It affects your intelligence (-5).
   SInv:      It lets you see invisible.
Wands
 u - a wand of flame (9)
 P - a wand of light (13)
 R - a wand of roots (9)
 V - a wand of digging (4)
Scrolls
 d - 13 scrolls of identify
 i - 2 scrolls of magic mapping
 j - 2 scrolls of enchant weapon
 l - 6 scrolls of amnesia
 m - 7 scrolls of teleportation
 n - a scroll of poison
 p - 2 scrolls of fear
 r - 2 scrolls of butterflies
 t - a scroll of immolation
 w - a scroll of brand weapon
 A - 4 scrolls of noise
 G - a scroll of vulnerability
Potions
 c - 2 potions of might
 k - 2 potions of magic
 o - 2 potions of brilliance
 q - a potion of heal wounds
 s - 2 potions of degeneration
 v - 3 potions of haste
 x - a potion of berserk rage
 z - 2 potions of lignification
 B - a potion of flight
 C - 3 potions of curing
 D - a potion of cancellation
 E - 2 potions of attraction
 F - a potion of ambrosia
 J - a potion of invisibility


   Skills:
 - Level 2.4(3.7) Fighting
 - Level 2.4(3.7) Dodging
 - Level 2.6 Shields
 + Level 17.1(20.1) Unarmed Combat


You had 10 spell levels left.
You didn't know any spells.
Your spell library contained the following spells:

 Spells                   Type           Power      Damage    Failure   Level
 Sting                    Tmut/Pois      0%         1d3       86%         1
 Passwall                 Tmut/Erth      0%         N/A       94%         2
 Poisonous Vapours        Pois/Air       0%         N/A       94%         2
 Ensorcelled Hibernation  Hex/Ice        0%         N/A       95%         2
 Sublimation of Blood     Necr           0%         N/A       95%         2
 Gell's Gravitas          Tloc           0%         N/A       99%         3
 Portal Projectile        Hex/Tloc       0%         N/A       99%         3
 Swiftness                Air            0%         N/A       99%         3
 Teleport Other           Tloc           0%         N/A       99%         3
 Tukima's Dance           Hex            0%         N/A       99%         3
 Animate Dead             Necr           0%         N/A       100%        4
 Olgreb's Toxic Radiance  Pois           0%         N/A       100%        4
 Passage of Golubria      Tloc           0%         N/A       100%        4
 Petrify                  Tmut/Erth      0%         N/A       100%        4
 Blade Hands              Tmut           0%         N/A       100%        5
 Borgnjor's Vile Clutch   Necr/Erth      0%         N/A       100%        5
 Irradiate                Conj/Tmut      0%         3d11      100%        5
 Yara's Violent Unravell  Hex/Tmut       0%         3d3       100%        5
 Death Channel            Necr           0%         N/A       100%        6
 Dispersal                Tloc           0%         N/A       100%        6


Dungeon Overview and Level Annotations

Branches:
Dungeon (10/15)            Temple (1/1) D:6            Lair (0/5) D:10
 Bailey (visited)
    Orc: D:9-12

Altars:
Ashenzari
Cheibriados
Dithmenos
Elyvilon
Fedhas
Hepliaklqana
Kikubaaqudgha
Makhleb
Nemelex Xobeh
Okawaru
Qazlal
Ru
Sif Muna
Trog
Uskayaw
Vehumet
Wu Jian
Xom
Yredelemnul
Zin
The Shining One

Shops:
D:3 *

Annotations:
D:8 2 transporters, 1 runed translucent door, apoch's ghost, novice MiFi


Innate Abilities, Weirdness & Mutations

You are too large for most types of armour.
You have claws for hands.
Your natural rate of healing is unusually fast.
You are covered in fur. (AC +1)
You have tough skin. (AC +1)
You have large cloven feet.
You are very dopey. (Int -4)
You are occasionally teleported next to monsters.


Message History

The yak gores you but does no damage. You block the yak's attack.
The yak gores you.
You eviscerate the yak!!!
You kill the yak!
You block the yak's attack. The yak gores you!
You are too injured to fight recklessly!
You are too injured to fight recklessly!
You are too injured to fight recklessly!
You are too injured to fight recklessly!
You are too injured to fight recklessly!
You are too injured to fight recklessly!
You are too injured to fight recklessly!
You are too injured to fight recklessly!
You are too injured to fight recklessly!
You are too injured to fight recklessly!
You are too injured to fight recklessly!
You are too injured to fight recklessly!
You are too injured to fight recklessly!
You are too injured to fight recklessly!
You are too injured to fight recklessly!
You are too injured to fight recklessly!
You are too injured to fight recklessly!
You are too injured to fight recklessly!
You are too injured to fight recklessly!
You are too injured to fight recklessly!
You are too injured to fight recklessly!
You are too injured to fight recklessly!
You are too injured to fight recklessly!
You are too injured to fight recklessly!
Unknown command.
You mangle the yak!!
The yak is severely wounded.
You block the yak's attack. The yak gores you! You block the yak's attack.
You eviscerate the yak!!!
You kill the yak!
The acid dragon spits acid at you. The splash of acid hits you!!
* * * LOW HITPOINT WARNING * * *
The acid corrodes you! The yak gores you but does no damage. The yak gores you!
You die...

..# , , ..,#. ..# ,
#:.......# *....#. ..#
, ,+........# ....##
..# ,, ,#........# ,
#...... ..#
#........#, ..#......
..#
#........#....#......
..# , ,
#...D....#....#......
..# ,
#..Y.Y...#....#......
..# , ,
####@#####....#......
,
#.............######.
,
#.............#....#.
,
,#.............#....##
* ,
#.............#......
,,
#.............#......
,
##########....##+###.
,
,#.......)#.........#.
,
#.......)).........'.


You could see 2 yaks and an acid dragon (catching breath).

Vanquished Creatures
  A two-headed ogre (D:10)
  A flayed ghost (D:8)
  Pikel (D:6)
  Sigmund (D:4)
  2 shadows (D:8)
  14 yaks
  4 wraiths (D:8)
  Grum (D:8)
  A steam dragon (D:8)
  An acid dragon (D:7)
  5 orc warriors
  4 water moccasins
  An ice beast (D:7)
  A sky beast (D:7)
  4 ogres
  4 wolves (D:8)
  2 centaurs
  A lemure (D:6)
  5 kobold brigands (Bailey)
  A phantom (D:6)
  Blork the orc (D:6)
  A gnoll sergeant (D:10)
  2 bullfrogs
  3 necrophages
  3 scorpions
  4 wights (D:9)
  A jelly (D:5)
  3 hounds
  5 orc priests
  A gnoll bouda (D:4)
  Ijyb (D:5)
  2 iguanas
  11 orc wizards
  Robin (D:4)
  6 adders
  10 gnolls
  A white imp (D:6)
  An ufetubus (D:5)
  6 worms
  A dart slug (D:3)
  33 orcs
  6 endoplasms
  4 giant cockroaches
  20 goblins
  10 hobgoblins
  10 jackals
  12 kobolds
  A quokka (D:4)
  3 ball pythons
  18 bats
  3 frilled lizards
  5 rats
244 creatures vanquished.

Notes
Turn   | Place    | Note
-------+----------+-------------------------------------------
     0 | D:1      | purpskrrrp the Troll Fighter began the quest for the Orb.
     0 | D:1      | Reached XP level 1. HP: 22/22 MP: 0/0
   159 | D:1      | Found a faded altar of an unknown god.
   163 | D:1      | Got Plato's Secrets of Vitiation
   262 | D:1      | Reached XP level 2. HP: 29/29 MP: 1/1
   262 | D:1      | Identified 3 scrolls of acquirement
   262 | D:1      | Acquired the ring "Opacun" {Ice +Blink}
   263 | D:1      | Acquired a +2 hat of stealth
   264 | D:1      | Acquired 758 gold pieces
   355 | D:1      | Reached skill level 3 in Unarmed Combat
   753 | D:2      | Reached XP level 3. HP: 36/36 MP: 2/2
   800 | D:3      | Noticed an ogre
   815 | D:3      | Killed an ogre
   816 | D:3      | Reached skill level 5 in Unarmed Combat
   816 | D:3      | Reached XP level 4. HP: 17/44 MP: 3/3
   917 | D:4      | Noticed Sigmund
   930 | D:4      | Killed Sigmund
   931 | D:4      | Reached skill level 6 in Unarmed Combat
   931 | D:4      | Reached XP level 5. HP: 50/50 MP: 4/4
   931 | D:4      | Reached XP level 6. HP: 59/59 MP: 5/5
  1011 | D:5      | Entered Level 5 of the Dungeon
  1183 | D:5      | Reached skill level 7 in Unarmed Combat
  1301 | D:5      | Reached XP level 7. HP: 66/66 MP: 6/6
  1337 | D:5      | Reached skill level 8 in Unarmed Combat
  1452 | D:5      | Noticed Ijyb
  1461 | D:5      | Killed Ijyb
  1744 | D:6      | Noticed Blork the orc
  1754 | D:6      | Killed Blork the orc
  1833 | D:6      | Found a staircase to the Ecumenical Temple.
  1876 | D:6      | Reached skill level 9 in Unarmed Combat
  1903 | Temple   | Entered the Ecumenical Temple
  2001 | Temple   | Became a worshipper of Ashenzari the Shackled
  2098 | D:6      | Noticed Pikel
  2106 | D:6      | Killed Pikel
  2107 | D:6      | Reached skill level 10 in Unarmed Combat
  2107 | D:6      | Reached XP level 8. HP: 74/74 MP: 7/7
  2571 | D:6      | Reached skill level 11 in Unarmed Combat
  3069 | D:4      | Found an iron altar of Okawaru.
  3299 | D:4      | Noticed Robin
  3310 | D:4      | Killed Robin
  3396 | D:4      | Reached XP level 9. HP: 31/80 MP: 8/8
  3658 | D:3      | Found Isonomam's Assorted Antiques.
  4110 | D:2      | Reached * piety under Ashenzari
  4133 | D:2      | Reached skill level 12 in Unarmed Combat
  4399 | D:2      | Found a bloodstained altar of Trog.
  4877 | D:7      | Found a stormy altar of Qazlal.
  4938 | D:7      | Reached skill level 13 in Unarmed Combat
  5246 | D:8      | Found a transporter.
  5247 | D:8      | Found a transporter.
  5247 | D:8      | Noticed a moth of wrath
  5249 | D:8      | Noticed apoch's ghost (novice MiFi)
  5251 | D:8      | Found a bloodstained altar of Trog.
  5282 | D:8      | Noticed a two-headed ogre
  5444 | D:8      | Found a runed translucent door.
  5448 | D:8      | Found a basalt altar of Yredelemnul.
  5462 | D:8      | Noticed Grum
  5475 | D:8      | Killed Grum
  5476 | D:8      | Reached skill level 14 in Unarmed Combat
  5557 | D:8      | Found a sacrificial altar of Ru.
  5846 | D:8      | Found a runed translucent door.
  5853 | D:8      | Reached XP level 10. HP: 82/88 MP: 9/9
  5869 | D:8      | Found a broken altar of Ashenzari.
  5878 | D:8      | Found a sparkling altar of Nemelex Xobeh.
  5891 | D:8      | Found an ornate altar of the Wu Jian Council.
  5905 | D:8      | Found a stormy altar of Qazlal.
  5958 | D:8      | Found a bloodstained altar of Trog.
  5989 | D:8      | Found a hazy altar of Hepliaklqana.
  6012 | D:8      | Noticed a flayed ghost
  6013 | D:8      | Identified the ring of Rytoofeo {Str+4 Int-5 SInv}
  6022 | D:8      | Killed a flayed ghost
  6023 | D:8      | Reached skill level 15 in Unarmed Combat
  6127 | D:9      | Found a flagged portal.
  6139 | Bailey   | Entered a bailey
  6209 | Bailey   | Identified the +2 robe "Nuphul" {Will- Str+4 Dex+2 Stlth+}
  6257 | Bailey   | Found a burning altar of Makhleb.
  6556 | D:9      | Reached skill level 16 in Unarmed Combat
  6898 | D:10     | Entered Level 10 of the Dungeon
  6932 | D:10     | Reached ** piety under Ashenzari
  6967 | D:10     | Noticed a two-headed ogre
  6972 | D:10     | Killed a two-headed ogre
  6973 | D:10     | Reached XP level 11. HP: 94/94 MP: 10/10
  7041 | D:10     | Gained mutation: You are dopey. (Int -2) [potion of
                  | mutation]
  7041 | D:10     | Lost intelligence.
  7041 | D:10     | Gained mutation: You are very dopey. (Int -4) [potion of
                  | mutation]
  7041 | D:10     | Gained mutation: You are occasionally teleported next to
                  | monsters. [potion of mutation]
  7041 | D:10     | Gained mutation: You have large cloven feet. [potion of
                  | mutation]
  7138 | D:10     | Reached skill level 17 in Unarmed Combat
  7142 | D:10     | Found a staircase to the Lair.
  7215 | D:10     | Reached *** piety under Ashenzari
  7388 | D:10     | Slain by a yak

Illustrated notes

Levels and vault maps discovered:
D:1:      minmay_arrival_glassed_features, layout_loops_ring,
          shapermc_ecumenical_altar_rom_forum, nicolae_kite_square_tiling_tiny
D:2:      layout_basic, basic_altar
D:3:      layout_rooms, serial_shops, nicolae_shop_hallway_stairs
D:4:      layout_basic, okawaru_altar_gauntlet_db, dreamdust_gnoll_farm,
          uniq_sigmund, uniq_robin
D:5:      layout_loops_ring, nicolae_sextant, uniq_ijyb
D:6:      layout_basic, minmay_temple_entry_junction, uniq_pikel,
          uniq_blork_the_orc
D:7:      layout_cave_pools, overflow_temple_1_default
D:8:      due_megacathedral, layout_gridville, nicolae_ru_sacrificial_ziggurat,
          overflow_temple_1_default, dk_yredelemnul_ordeal,
          gammafunk_ghost_wrathful_warriors, uniq_grum
D:9:      layout_roguey, enter_bailey_3, minmay_misc_feat_cross, chequers_garden
D:10:     layout_grid_maze, lair_entry_dummy
Temple:   minmay_temple_bridge_d

Skill      XL: |  1  2  3  4  5  6  7  8  9 10 11 |
---------------+----------------------------------+-----
Unarmed Combat | 3 5 6 7 10 11 14 16 17 | 17.1
Fighting       | |  2.4
Dodging        | |  2.4
Shields        | |  2.6

Action                   |  1- 3 |  4- 6 |  7- 9 | 10-12 || total
-------------------------+-------+-------+-------+-------++-------
Melee: Unarmed           |    89 |    43 |   313 |   170 ||   615
Throw: Throwing net      |       |       |       |     3 ||     3
Invok: Curse Item        |       |       |     2 |     2 ||     4
  Use: Scroll            |     3 |       |     1 |       ||     4
       Potion            |       |       |     1 |     2 ||     3
 Stab: Sleeping          |     1 |     1 |    10 |     1 ||    13
Armor: Robe              |    47 |    13 |    60 |    23 ||   143
       Acid dragon scale |       |       |    53 |    51 ||   104
       Skin              |       |       |     1 |       ||     1
Dodge: Dodged            |    47 |    10 |   111 |    72 ||   240
Block: Kite shield       |    43 |     7 |   122 |    75 ||   247
